 Dungeon Crawl Stone Soup version 0.19-a0-1697-g0595f0e (webtiles) character file.

317 4thArraOfDagon the Cutter (level 6, -4/38 HPs)
             Began as a Halfling Wanderer on Sept 26, 2016.
             Was a Follower of Ashenzari.
             Shot with an arrow by a centaur (13 damage)
             ... on level 5 of the Dungeon.
             The game lasted 00:10:56 (2380 turns).

4thArraOfDagon the Cutter (Halfling Wanderer)       Turns: 2380, Time: 00:10:57

Health: -4/38      AC: 10    Str: 13    XL:     6   Next: 74%
Magic:  6/6        EV: 11    Int: 11    God:    Ashenzari [*.....]
Gold:   169        SH:  0    Dex: 15    Spells: 0 memorised, 5 levels left

rFire  + . .     SeeInvis .     c - +0 short sword
rCold  . . .     Gourm    .     a - +2 scale mail
rNeg   . . .     Faith    .     (shield restricted)
rPois  .         Spirit   .     (no helmet)
rElec  .         Dismiss  .     (no cloak)
rCorr  .         Reflect  .     (no gloves)
MR     .....     Harm     .     (no boots)
Stlth  ..........               (no amulet)
                                (no ring)
                                s - ring of protection from fire

@: no status effects
A: mutation resistance 1
a: Curse Item, Scrying, Renounce Religion


You were on level 5 of the Dungeon.
You worshipped Ashenzari.
Ashenzari was aware of your devotion.
You were not hungry.

You visited 1 branch of the dungeon, and saw 6 of its levels.

You collected 169 gold pieces.

Inventory:

Hand Weapons
 b - a +0 hand axe
 c - a +0 short sword (weapon)
 e - a +0 dagger
 i - a +0 dagger of pain
Armour
 a - a +2 scale mail (worn)
Jewellery
 n - an uncursed ring of flight (quivered) {CAST IT TO TEH FIRES OF MORDOR}
 s - a ring of protection from fire (left hand)
Wands
 o - a wand of random effects (8/48)
 u - a wand of teleportation (1/9)
Scrolls
 f - a scroll of teleportation {unknown}
 g - 2 scrolls of recharging {unknown}
 h - 3 scrolls of remove curse
 p - a scroll of immolation {unknown}
 t - a scroll of random uselessness {unknown}
Potions
 j - a potion of beneficial mutation {unknown}
 m - a potion of brilliance
 q - a potion of might {unknown}
Books
 l - a book of the Dragon

   Spells                             Type                      Level
   a - Flame Tongue                   Conjuration/Fire             1
   b - Cause Fear                     Hexes                        4
   c - Bolt of Fire                   Conjuration/Fire             6
   d - Dragon Form                    Transmutation                7
   e - Dragon's Call                  Summoning                    9
Comestibles
 d - 5 bread rations


   Skills:
 - Level 1.0 Fighting
 * Level 7.4 Short Blades
 - Level 3.0 Axes
 - Level 2.0 Throwing
 - Level 4.3 Armour


You had 5 spell levels left.
You didn't know any spells.

Dungeon Overview and Level Annotations

Branches:
Dungeon (6/15)             Temple (0/1) D:5

Altars:
Ashenzari
Dithmenos
Gozag

Shops:
D:5 [

Annotations:
D:3 Saways's ghost, amateur HuFi


Innate Abilities, Weirdness & Mutations

You are small and have problems with some larger weapons.
You are somewhat resistant to further mutation.


Message History

Found 2 gold pieces.
Unknown command.
Unknown command.
You now have 166 gold pieces (gained 2).
Unknown command.
You now have 167 gold pieces (gained 1).
Unknown command.
You now have 169 gold pieces (gained 2).
The centaur shouts!
The centaur wields an uncursed shortbow.
The centaur shoots an arrow.
The arrow barely misses you.
You see here an arrow.
The centaur shoots an arrow.
The arrow hits you!
You see here an arrow.
The centaur shoots an arrow.
The arrow hits you but does no damage.
The centaur shoots an arrow.
The arrow hits you!
* * * LOW HITPOINT WARNING * * *
You see here 2 arrows.
The centaur shoots an arrow.
The arrow hits you!
You die...

#####........###.# #..#
#.# #............#
#.###..# #.###
##.###........#
#......######...#
.......#.>....#
#####............
##.##..##.##.##
#.#######...#
#...#..#####... ...#
##.## ..#.......######
##### #.#
#...#....#..c##########
#.#
##.####.###.....@(((..#
#.# #.#
#.#.#.#######..# #.#
#.# #..##.# #...# #.##
##.# #.###.# #._.# #...
...# #.# #.# #...# ####
########.###<# ###.# #
.............# #.# #
##.......##### #.# #
.......### #.# #


You could see a centaur.

Vanquished Creatures
  Blork the orc (D:5)
  A bullfrog zombie (D:5)
  2 bullfrog skeletons (D:5)
  An iguana (D:5)
  2 worker ants
  An adder (D:3)
  2 shadow imps
  A dart slug (D:1)
  2 leopard geckos
  3 orcs
  A ball python (D:3)
  3 giant cockroaches
  9 goblins
  8 hobgoblins
  2 jackals (D:1)
  A quokka (D:4)
  4 bats
  3 frilled lizards
  6 kobolds
  6 rats
59 creatures vanquished.

Notes
Turn   | Place    | Note
-------+----------+-------------------------------------------
     0 | D:1      | 4thArraOfDagon the Halfling Wanderer began the quest for the Orb.
     0 | D:1      | 4thArraOfDagon set off with: a +2 scale mail, a +0 hand axe, a potion of lignification, a bread ration
     0 | D:1      | Reached XP level 1. HP: 13/13 MP: 1/1
    65 | D:1      | Reached skill level 1 in Short Blades
    67 | D:1      | Found a shattered altar of Ashenzari.
   116 | D:1      | Reached XP level 2. HP: 18/18 MP: 2/2
   153 | D:1      | Reached skill level 2 in Short Blades
   190 | D:1      | Became a worshipper of Ashenzari the Shackled
   262 | D:1      | timbw: thats a pretty early pain dagger
   378 | D:1      | Reached XP level 3. HP: 18/23 MP: 3/3
   412 | D:1      | Reached skill level 3 in Short Blades
   415 | D:1      | 4thArraOfDagon: pain brand is so op
   425 | D:1      | 4thArraOfDagon: it deals 1d0 +1d0 dmg !
   446 | D:1      | timbw: almost like a war axe
   447 | D:1      | jacquesderrida: ooooo
   474 | D:1      | timbw: execpt only works on living
   641 | D:1      | jacquesderrida: it me
   656 | D:2      | 4thArraOfDagon: j!
   680 | D:2      | jacquesderrida: Da!
   694 | D:2      | 4thArraOfDagon: welcome do dagin!
   694 | D:2      | jacquesderrida: Dets tru
   710 | D:2      | jacquesderrida: Nice
   719 | D:2      | jacquesderrida: Thank
   753 | D:3      | Noticed Saways's ghost (amateur HuFi)
  1129 | D:2      | Reached XP level 4. HP: 26/28 MP: 4/4
  1227 | D:4      | Reached skill level 4 in Short Blades
  1295 | D:4      | Noticed an ogre
  1404 | D:3      | Reached * piety under Ashenzari
  1468 | D:5      | Entered Level 5 of the Dungeon
  1559 | D:6      | Reached skill level 5 in Short Blades
  1559 | D:6      | Reached XP level 5. HP: 23/33 MP: 5/5
  1988 | D:5      | Found a staircase to the Ecumenical Temple.
  2013 | D:5      | Reached skill level 6 in Short Blades
  2013 | D:5      | Reached XP level 6. HP: 17/38 MP: 6/6
  2087 | D:5      | Found a shadowy altar of Dithmenos.
  2108 | D:5      | Found Fuont's Armour Emporium.
  2223 | D:5      | jacquesderrida: deeeeeeeeeeeemg
  2223 | D:5      | 4thArraOfDagon: !
  2265 | D:5      | Noticed Blork the orc
  2274 | D:5      | Killed Blork the orc
  2274 | D:5      | Reached skill level 7 in Short Blades
  2340 | D:5      | Found an opulent altar of Gozag.
  2380 | D:5      | Shot with an arrow by a centaur

Vault maps used:
D:1:      evilmike_arrival_sounds_zot, nicolae_ashenzari_panopticon
D:2:      first_bread
D:3:      grunt_decor_one_mirror, supply_closet_lemuel, minmay_misc_feat_tower
D:4:      minitemple, gammafunk_temple_overflow_wave, serial_shops,
          kennysheep_mini_moat
D:5:      nicolae_gozag_seed_capital, serial_shops, shop,
          grunt_dithmenos_smoke_and_mirrors, uniq_blork_the_orc

Skill      XL: |  1  2  3  4  5  6 |
---------------+-------------------+-----
Short Blades   | 1 2 3 5 6 7 |  7.4
Fighting       | |  1.0
Axes           | |  3.0
Throwing       | |  2.0
Armour         | |  4.3

Action                   |  1- 3 |  4- 6 || total
-------------------------+-------+-------++-------
Melee: Hand axe          |    25 |       ||    25
       Dagger            |   235 |   149 ||   384
       Short sword       |       |    54 ||    54
Evoke: Wand              |       |    12 ||    12
  Use: Scroll            |       |     3 ||     3
       Potion            |       |     5 ||     5
 Stab: Paralysed         |       |     5 ||     5
       Confused          |       |     1 ||     1
  Eat: Chunk             |     1 |     2 ||     3
       Pizza             |       |     1 ||     1
       Fruit             |       |     2 ||     2
Armor: Scale mail        |   119 |    84 ||   203
       Skin              |       |    30 ||    30
Dodge: Dodged            |   183 |    99 ||   282
